 Dungeon Crawl Stone Soup version 0.29.0 (webtiles) character file.

Game seed: 5945840551062875749

4 PublicAnimeNo1 the Sneak (level 1, 0/10 HPs)
             Began as a Kobold Enchanter on Sept 9, 2022.
             Slain by a rat (2 damage)
             ... on level 1 of the Dungeon.
             The game lasted 00:00:22 (136 turns).

PublicAnimeNo1 the Sneak (Kobold Enchanter)          Turns: 136, Time: 00:00:23

Health: 0/10       AC:  2    Str:  5    XL:     1   Next: 77%
Magic:  3/3        EV: 15    Int: 16    God:
Gold:   10         SH:  0    Dex: 15    Spells: 4/4 levels left

rFire   . . .      SeeInvis .   a - +1 dagger
rCold   . . .      Faith    .   (no shield)
rNeg    . . .      Spirit   .   b - +0 robe
rPois   .          Reflect  .   (no helmet)
rElec   .          Harm     .   (no cloak)
rCorr   .          Rampage  .   (no gloves)
Will    .....                   (no boots)
Stlth   ++++......              (no amulet)
HPRegen 0.03/turn               (no ring)
MPRegen 0.08/turn               (no ring)

@: invisible
A: small, no large weapons, nightstalker 3
a: no special abilities


You were on level 1 of the Dungeon.
You visited 1 branch of the dungeon, and saw 1 of its levels.

You collected 10 gold pieces.

Inventory:

Hand Weapons
 a - a +1 dagger (weapon)
Armour
 b - a +0 robe (worn)
Scrolls
 d - a scroll of teleportation {unknown}
Potions
 c - a potion of invisibility


   Skills:
 * Level 2.1 Short Blades
 - Level 2.4 Dodging
 + Level 4.2 Stealth
 - Level 2.1 Spellcasting
 - Level 3.0 Hexes


You had 4 spell levels left.
You didn't know any spells.
Your spell library contained the following spells:

 Spells                   Type           Power      Damage    Failure   Level
 Ensorcelled Hibernation  Hex/Ice        12%        N/A       17%         2
 Confusing Touch          Hex            11%        N/A       19%         3
 Tukima's Dance           Hex            11%        N/A       19%         3
 Magic Dart               Conj           4%         1d3       21%         1
 Call Imp                 Summ           1%         N/A       30%         2
 Dazzling Flash           Conj/Hex       12%        N/A       32%         3
 Mephitic Cloud           Conj/Pois/Air  1%         N/A       52%         3


Dungeon Overview and Level Annotations

Branches:
Dungeon (1/15)

Altars:

Annotations:
D:1 exclusion: gnoll


Innate Abilities, Weirdness & Mutations

You are small and have problems with some larger weapons.
You are completely attuned to the shadows.


Message History

The ball python is severely wounded.
The ball python bites you. The ball python closely misses you.
You hit the ball python.
You kill the ball python!
The kobold misses you.
You closely miss the kobold. The kobold closely misses you.
You hit the kobold.
The kobold is moderately wounded.
The kobold closely misses you.
You completely miss the kobold.
The kobold is moderately wounded.
The kobold completely misses you.
You hit the kobold.
The kobold is heavily wounded.
The kobold barely misses you.
You barely miss the kobold.
The kobold is heavily wounded.
The kobold closely misses you.
You hit the kobold.
You kill the kobold!
You barely miss the hobgoblin. The hobgoblin hits you.
Ouch! That really hurt!
You hit the hobgoblin but do no damage. The hobgoblin hits you.
* * * LOW HITPOINT WARNING * * *
You fade into invisibility!
The hobgoblin hits you.
* * * LOW HITPOINT WARNING * * *
You hit the hobgoblin.
The hobgoblin is moderately wounded.
The hobgoblin closely misses you.
You catch the helpless hobgoblin completely off-guard!
You puncture the hobgoblin!
You kill the hobgoblin!
Your Short Blades skill increases to level 2!
The rat misses you.
There is an open door, spattered with blood here.
Things that are here:
a +0 club; a kobold corpse You closely miss the rat.
The rat bites you.
You die...

#.##.......
#..............#
####...........#
#...........#
#...........#
#...........#
#######.....##
#####..# ##@#
....r.# .......#
........#
.....(...


You could see a rat (unable to see you).

Vanquished Creatures
  A ball python (D:1)
  A hobgoblin (D:1)
  A kobold (D:1)
  A rat (D:1)
4 creatures vanquished.

Vanquished Creatures (others)
  A plant (D:1)
1 creature vanquished.

Grand Total: 5 creatures vanquished

Notes
Turn   | Place    | Note
-------+----------+-------------------------------------------
     0 | D:1      | PublicAnimeNo1 the Kobold Enchanter began the quest for the
                  | Orb.
     0 | D:1      | Reached XP level 1. HP: 10/10 MP: 3/3
   136 | D:1      | Slain by a rat

Illustrated notes

Levels and vault maps discovered:
D:1:      lightli_arrival_statuegarden, layout_basic,
          shapermc_ecumenical_altar_acropolis

Skill      XL: |  1 |
---------------+----+-----
Short Blades   | 2 |  2.1
Dodging        | |  2.4
Stealth        | |  4.2
Spellcasting   | |  2.1
Hexes          | |  3.0

Action                   || total
-------------------------++-------
Melee: Dagger            ||    14
  Use: Potion            ||     1
 Stab: Invisible         ||     1
       Sleeping          ||     1
Dodge: Dodged            ||     9
